 Dungeon Crawl Stone Soup version 0.22.1-2-g9c5b331383 (webtiles) character file.

51 KarvaRausku the Skirmisher (level 3, -1/33 HPs)
             Began as a Hill Orc Skald on Dec 8, 2018.
             Killed from afar by an orc wizard (5 damage)
             ... with a puff of flame
             ... on level 2 of the Dungeon.
             The game lasted 00:05:06 (2317 turns).

KarvaRausku the Skirmisher (Hill Orc Skald)         Turns: 2317, Time: 00:05:06

Health: -1/33      AC:  3    Str: 14    XL:     3   Next: 83%
Magic:  4/5        EV: 11    Int: 13    God:
Gold:   159        SH:  0    Dex: 10    Spells: 4/5 levels left

rFire    . . .     SeeInvis .   a - +0 falchion
rCold    . . .     Gourm    .   (no shield)
rNeg     . . .     Faith    .   b - +0 leather armour
rPois    .         Spirit   .   (no helmet)
rElec    .         Reflect  .   (no cloak)
rCorr    .         Harm     .   (no gloves)
MR       .....                  (no boots)
Stlth    +.........             (no amulet)
HPRegen  0.11/turn              (no ring)
MPRegen  0.09/turn              (no ring)

@: no status effects
A: no striking features
a: no special abilities


You were on level 2 of the Dungeon.
You were not hungry.

You visited 1 branch of the dungeon, and saw 3 of its levels.

You collected 159 gold pieces.

Inventory:

Hand Weapons
 a - a +0 falchion (weapon)
Armour
 b - a +0 leather armour (worn)
Wands
 o - a wand of iceblast (7)
Scrolls
 e - a scroll of magic mapping {unknown}
 f - 4 scrolls of identify {unknown}
 g - 2 scrolls of remove curse {unknown}
 h - a scroll of fear {unknown}
 j - a scroll of blinking {unknown}
 l - a scroll of enchant weapon {unknown}
Potions
 c - 2 potions of might {unknown}
 i - 2 potions of heal wounds {unknown}
 k - a potion of haste {unknown}
 m - 2 potions of curing {unknown}
 n - a potion of lignification {unknown}
Comestibles
 d - 2 rations


   Skills:
 + Level 3.8 Fighting
 + Level 3.5 Long Blades
 - Level 1.1 Armour
 - Level 1.5 Dodging
 - Level 1.5 Spellcasting
 - Level 2.6 Charms


You had 4 spell levels left.
You knew the following spells:

 Your Spells              Type           Power        Failure   Level  Hunger
a - Infusion              Chrm           #...         11%         1    ##.....

Your spell library contained the following spells:

 Spells                   Type           Power        Failure   Level  Hunger
 Song of Slaying          Chrm           #.......     17%         2    ###....
 Shroud of Golubria       Chrm/Tloc      #.........   28%         2    ###....
 Regeneration             Chrm/Necr      #.........   50%         3    ####...
 Spectral Weapon          Hex/Chrm       #.......     50%         3    ####...


Dungeon Overview and Level Annotations

Branches:
Dungeon (3/15)

Altars:
Vehumet


Message History

You are too injured to fight recklessly!
You barely miss the orc wizard.
The orc wizard is almost dead.
The orc wizard casts a spell.
The orc wizard flickers and vanishes!
You closely miss something.
You hear some strange, mumbled words.
A magic dart appears from out of thin air!
The magic dart hits you!
* * * LOW HITPOINT WARNING * * *
You hit something but do no damage.
You are no longer magically infusing your attacks.
Something hits you.
* * * LOW HITPOINT WARNING * * *
You hit something. Something hits you but does no damage.
You hit something but do no damage.
You hear some strange, mumbled words.
A puff of flame appears from out of thin air!
The puff of flame hits you!
You die...

# #.#####.....###.##.## #.##
##.....$......# #..#
##...#>......# ##.# #...#........
#.## #...#........ #..#
#...#........ ####### ##.#
#...#........
......#########.#####...######...
#####..........<@{.##...### #...
###########.##.#......####...
###############.##...............
..........<......)........####...
###################.......# #...
##<.....# #... #......# #...
#......# #... ######## ##..


There were no monsters in sight!

Vanquished Creatures
  2 adders
  A worm (D:3)
  A leopard gecko (D:2)
  2 orcs (D:3)
  A ball python (D:3)
  A bat (D:3)
  A giant cockroach (D:1)
  A goblin (D:2)
  7 hobgoblins
  3 frilled lizards
  4 kobolds
  4 rats
28 creatures vanquished.

Notes
Turn   | Place    | Note
-------+----------+-------------------------------------------
     0 | D:1      | KarvaRausku the Hill Orc Skald began the quest for the Orb.
     0 | D:1      | Reached XP level 1. HP: 18/18 MP: 3/3
   351 | D:1      | Reached XP level 2. HP: 25/25 MP: 4/4
   739 | D:2      | Reached XP level 3. HP: 10/31 MP: 5/5
  1252 | D:2      | Found a radiant altar of Vehumet.
  2317 | D:2      | Killed from afar by an orc wizard

Skill      XL: |  1  2 |
---------------+-------+-----
Fighting       | 3 |  3.8
Long Blades    | 3 |  3.5
Armour         | |  1.1
Dodging        | |  1.5
Spellcasting   | |  1.5
Charms         | |  2.6

Action                   || total
-------------------------++-------
Melee: Falchion          ||   128
 Cast: Infusion          ||     6
  Eat: Chunk             ||     3
       Ration            ||     1
Armor: Leather armour    ||    31
Dodge: Dodged            ||    63
       Rpst.: Falchion   ||    14
